 Dungeon Crawl Stone Soup version 0.32-a0-699-g1ee5eff69a (webtiles) character file.

Game seed: 16158546916050786258

37 Esekla the Sneak (level 3, 25/26 HPs)
             Began as an Octopode Delver on Mar 13, 2024.
             Quit the game on level 5 of the Dungeon.
             The game lasted 00:02:24 (214 turns).

Esekla the Sneak (Octopode Delver)                   Turns: 214, Time: 00:02:25

Health: 25/26      AC:  1    Str: 11    XL:     3   Next: 41%
Magic:  4/4        EV: 12    Int: 14    God:
Gold:   44         SH:  0    Dex: 13    Spells: 3/3 levels left

rFire   . . .        a - +0 falchion
rCold   . . .        (no shield)
rNeg    . . .        (helmet restricted)
rPois   .            (no amulet)
rElec   .            (no ring)
rCorr   .            (no ring)
SInv    .            (no ring)
Will    .....        (no ring)
Stlth   ++++         (no ring)
HPRegen 0.24/turn    (no ring)
MPRegen 0.09/turn    (no ring)
                     (no ring)

%: no passive effects
@: no status effects
A: almost no armour, amphibious, 8 rings, camouflage 1, gelatinous body 1,
(nimble swimmer 1), tentacles
a: no special abilities


You were on level 5 of the Dungeon.
You visited 1 branch of the dungeon, and saw 1 of its levels.

You collected 44 gold pieces.

Inventory:

Hand Weapons
 a - a +0 falchion (weapon)
Wands
 c - a wand of flame (6)
 f - a wand of digging (3)
Scrolls
 b - a scroll of fog
 d - a scroll of fear
Potions
 e - a potion of haste
 g - a potion of ambrosia {unknown}


   Skills:
 * Level 3.2 Fighting
 + Level 2.0 Long Blades
 * Level 2.4 Dodging
 + Level 7.3 Stealth
 * Level 0.7 Spellcasting


You had 3 spell levels left.
You didn't know any spells.
Your spell library contained the following spells:

 Spells                   Type           Power      Damage    Failure   Level
 Summon Small Mammal      Summ           0%         N/A       26%         1
 Call Canine Familiar     Summ           0%         N/A       63%         3
 Summon Blazeheart Golem  Fire/Summ      0%         N/A       95%         4


Dungeon Overview and Level Annotations

Branches:
Dungeon (5/15)
 Temple: D:4-7

Altars:

Shops:
D:5 :


Innate Abilities, Weirdness & Mutations

You cannot wear most types of armour.
You are amphibious.
You can wear up to eight rings at the same time.
Your skin changes colour to match your surroundings (Stealth+).
Your rubbery body absorbs attacks. (AC +1, EV +1)
((You are camouflaged when in or above water. (Stealth+)))
You have tentacles for arms and can constrict up to eight enemies at once.


Message History

An ufetubus comes into view.
A shadow imp and an ufetubus come into view.
The shadow imp shouts!
You open the door. The hound closely misses you.
There is an open door here.
The hound closely misses you.
You slash the hound! You grab the hound. You squeeze the hound!
You kill the hound!
The shadow imp gestures at you. Pain shoots through your body!
Your Stealth skill increases to level 7!
You have reached level 2!
You have reached level 3!
Your experience leads to an increase in your attributes!
Increase (S)trength, (I)ntelligence, or (D)exterity?
You feel clever. x2
You close the door, pushing everything out of the way.
A shadow imp breaks down the door.
The shadow imp closely misses you.
There is a broken door here.
You closely miss the shadow imp. Your grab misses the shadow imp.
The shadow imp closely misses you.
You barely miss the shadow imp. You grab the shadow imp.
You constrict the shadow imp. The shadow imp closely misses you.
You hit the shadow imp but do no damage.
The shadow imp is moderately wounded.
You constrict the shadow imp. The shadow imp closely misses you.
You hit the shadow imp.
You squeeze the shadow imp, but do no damage.
The shadow imp is almost dead.
You constrict the shadow imp.
You kill the shadow imp!
Found Gittiz's Book Shop.
There is an entrance to Gittiz's Book Shop here.
You can access your shopping list by pressing '$'.
You open the door.
There is an open door here.
Found 18 gold pieces.
Are you sure you want to abandon this character and quit the game? (Confirm with "yes".)

*,,,,,,,,,,*******#.
#..,,......,,,,,,,#.
#...,.....$,,,,,,,#.
#..#*......,,,,,,,#.
#..##......**,,,**##
#..........**,,,###.
#..........,,,,,....
#..........,,,,,,...
#..@.......*##+**#.#
###'##......##..###.#
#....#,..............
#....#,,.............
#....#,,,.......##..#
#....#,,,o......##..#
#...∩#,,,.......#....
#....#,,,.......#....
#....+,,,...##..#####


There were no monsters in sight!

Vanquished Creatures
  A hound (D:5)
  A shadow imp (D:5)
2 creatures vanquished.

Notes
Turn   | Place    | Note
-------+----------+-------------------------------------------
     0 | D:5      | Esekla the Octopode Delver began the quest for the Orb.
     0 | D:5      | Reached XP level 1. HP: 16/16 MP: 1/1
    57 | D:5      | Noticed a bombardier beetle
   172 | D:5      | Noticed a hound
   189 | D:5      | Killed a hound
   190 | D:5      | Reached skill level 7 in Stealth
   190 | D:5      | Reached XP level 2. HP: 15/21 MP: 2/2
   190 | D:5      | Reached XP level 3. HP: 19/26 MP: 3/3
   199 | D:5      | Found Gittiz's Book Shop.
   214 | D:5      | Quit the game

Illustrated notes

Levels and vault maps discovered:
D:5:      layout_gridville, serial_shops, shop

Skill      XL: |  1 |
---------------+----+-----
Stealth        | 7 |  7.3
Fighting       | |  3.2
Long Blades    | |  2.0
Dodging        | |  2.4
Spellcasting   | |  0.7

Action                     || total
---------------------------++-------
  Melee: Falchion          ||     5
         Constrict         ||     2
         Tentacles         ||     2
    Use: Scroll            ||     1
  Dodge: Dodged            ||     6

Table legend: (Time is in decaauts)
 A = Elapsed time spent in this place.
 B = Non-inter-level travel time spent in this place.
 C = Inter-level travel time spent in this place.
 D = Time resting spent in this place.
 E = Time spent auto-exploring this place.
 F = Levels seen in this place.
 G = Mean time per level.
                   A        B        C        D        E       F      G
               +--------+--------+--------+--------+--------+-----+--------+
         Total |    215 |    215 |      0 |      0 |      0 |   1 |  215.0 |
       Dungeon |    215 |    215 |      0 |      0 |      0 |   1 |  215.0 |
               +--------+--------+--------+--------+--------+-----+--------+

Top non-repeatable levels by time:
     D:5: 215 daAuts
